Selects Armored Support Battlegroup
Construct Light Support Kompanie
Construct Mechanized Kompanie
254 Reconnaissance Tractor
Selects Superior Fire Drills
Marder III Tank Destroyer
Marder III Tank Destroyer
254 Reconnaissance Tractor
Construct Panzerarmee Kommand
Selects Flammpanzer III Medium Tank
Selects Command Panzer IV F Medium Tank
Flak 36 Anti-tank Gun Team
Walking Stuka Rocket Launcher
Walking Stuka Rocket Launcher
Selects Stuka Anti-tank Loiter
Command Panzer IV F Medium Tank
Command Panzer IV F Medium Tank